TOP OF THE 1ST |
Cape Cod Clams batting - Pitching for Otsego Bulldogs : RHP Ricardo Quiñones
|
Pitching: RHP Ricardo Quiñones
|
|
Batting: RHB Max Jones
|
0-0: Called Strike 0-1: Foul Ball, location: 2F 0-2: Ball 1-2: Foul Ball, location: 2F 1-2: Ball 2-2: Ball 3-2: Foul Ball, location: 2F 3-2: Base on Balls
|
Batting: RHB Yasuhiro Kobayashi
|
0-0: Called Strike 0-1: Ball 1-1: Foul Ball, location: 2F 1-2: Ball 2-2: Ball 3-2: Fielders Choice at 2nd, 1-6 (Groundball, 13S)
|
Batting: RHB Carlos García
|
0-0: Ball Wild Pitch! Yasuhiro Kobayashi to second 1-0: Foul Ball, location: 2F 1-1: Ball 2-1: Fly out, F9 (Flyball, 9S)
|
Batting: LHB Sixto Cantú
|
0-0: Called Strike 0-1: Ball 1-1: Ball 2-1: Foul Ball, location: 2F 2-2: Foul Ball, location: 2F 2-2: Ball 3-2: SINGLE (Groundball, 56D) Yasuhiro Kobayashi to third Yasuhiro Kobayashi scores
|
Batting: RHB Gerald Burnett
|
0-0: Called Strike 0-1: Ball 1-1: Swinging Strike 1-2: Strikes out looking
|
Top of the 1st over - 1 run(s), 1 hit(s), 0 error(s), 1 left on base; Cape Cod 1 - Otsego 0 |
BOTTOM OF THE 1ST |
Otsego Bulldogs batting - Pitching for Cape Cod Clams : RHP Robert Martin
|
Pitching: RHP Robert Martin
|
|
Batting: RHB Patrick Potts
|
0-0: SINGLE (Groundball, 56D)
|
Batting: RHB Armando Cuevas
|
0-0: Ball Patrick Potts steals 2nd base 1-0: Called Strike 1-1: Foul Ball, location: 2F 1-2: Strikes out swinging
|
Batting: RHB Felipe Rodríguez
|
0-0: Called Strike 0-1: Swinging Strike 0-2: Ball 1-2: Ball 2-2: Ground out 5-3 (Groundball, 5)
|
Batting: RHB Jorge Cisneros
|
0-0: Ball 1-0: Foul Ball, location: 2F 1-1: Fly out, F8 (Flyball, 8RM)
|
Bottom of the 1st over - 0 run(s), 1 hit(s), 0 error(s), 1 left on base; Cape Cod 1 - Otsego 0 |
TOP OF THE 2ND |
Cape Cod Clams batting - Pitching for Otsego Bulldogs : RHP Ricardo Quiñones
|
Batting: RHB António Magana
|
0-0: Ball 1-0: Ball 2-0: Fly out, F1 (Line Drive, 13)
|
Batting: LHB Todd Anderson
|
0-0: Called Strike 0-1: Ball 1-1: Called Strike 1-2: Ball 2-2: Fly out, F9 (Flyball, 9LM)
|
Batting: RHB John Pick
|
0-0: Fly out, F9 (Flyball, 89XD)
|
Top of the 2nd over - 0 run(s), 0 hit(s), 0 error(s), 0 left on base; Cape Cod 1 - Otsego 0 |
BOTTOM OF THE 2ND |
Otsego Bulldogs batting - Pitching for Cape Cod Clams : RHP Robert Martin
|
Batting: RHB Ramiro Chávez
|
0-0: Foul Ball, location: 2F 0-1: SINGLE (Groundball, 34D)
|
Batting: RHB Felipe Rego
|
0-0: Ball 1-0: Ball 2-0: Called Strike 2-1: Foul Ball, location: 2F 2-2: Foul Ball, location: 2F 2-2: DOUBLE (Line Drive, 7D) Ramiro Chávez to third
|
Batting: RHB Juan Pérez
|
0-0: Ball 1-0: Ball 2-0: Ball 3-0: Called Strike 3-1: Foul Ball, location: 2F 3-2: Fly out, F3 (Line Drive, 3)
|
Batting: RHB Kyung-bok Cho
|
0-0: Foul Ball, location: 2F 0-1: Ball 1-1: Ball 2-1: Ball 3-1: Called Strike 3-2: Base on Balls
|
Batting: LHB Martin Davis
|
0-0: Ball 1-0: Ball 2-0: Ball 3-0: Called Strike 3-1: Called Strike 3-2: Base on Balls Ramiro Chávez scores Felipe Rego to third Kyung-bok Cho to second
|
Batting: RHB Patrick Potts
|
0-0: Ball 1-0: Foul Ball, location: 2F 1-1: Swinging Strike 1-2: Foul Ball, location: 2F 1-2: Foul Ball, location: 2F 1-2: Ball 2-2: Fly out, F6 (Line Drive, 6)
|
Batting: RHB Armando Cuevas
|
0-0: Ball 1-0: Ball 2-0: Swinging Strike 2-1: Foul Ball, location: 2F 2-2: Foul Ball, location: 2F 2-2: Ball 3-2: Base on Balls Felipe Rego scores Kyung-bok Cho to third Martin Davis to second
|
Batting: RHB Felipe Rodríguez
|
0-0: Ball 1-0: Ball 2-0: Ball 3-0: Called Strike 3-1: Base on Balls Kyung-bok Cho scores Martin Davis to third Armando Cuevas to second
|
Batting: RHB Jorge Cisneros
|
0-0: Called Strike 0-1: Foul Ball, location: 2F 0-2: Foul Ball, location: 2F 0-2: Foul Ball, location: 2F 0-2: Ball 1-2: Ball 2-2: Fly out, F9 (Flyball, 9)
|
Bottom of the 2nd over - 3 run(s), 2 hit(s), 0 error(s), 3 left on base; Cape Cod 1 - Otsego 3 |
TOP OF THE 3RD |
Cape Cod Clams batting - Pitching for Otsego Bulldogs : RHP Ricardo Quiñones
|
Batting: RHB Mitsuoki Taguchi
|
0-0: SINGLE (Line Drive, 56D)
|
Batting: RHB Max Jones
|
0-0: Called Strike Mitsuoki Taguchi steals 2nd base 0-1: Ball 1-1: Ball 2-1: Foul Ball, location: 2F 2-2: Foul Ball, location: 2F 2-2: Ball 3-2: Base on Balls
|
Batting: RHB Yasuhiro Kobayashi
|
0-0: Foul Ball, location: 2F 0-1: Ball Mitsuoki Taguchi steals 3rd base Max Jones to second 1-1: Foul Ball, location: 2F 1-2: Ball 2-2: Ball 3-2: Ground out 6-3 (Groundball, 6) Mitsuoki Taguchi scores Max Jones to third
|
Batting: RHB Carlos García
|
0-0: Ball 1-0: Swinging Strike 1-1: Called Strike 1-2: Ball 2-2: Ball 3-2: Foul Ball, location: 2F 3-2: Base on Balls
|
Batting: LHB Sixto Cantú
|
0-0: Swinging Strike 0-1: Ball 1-1: Ball 2-1: Called Strike 2-2: Fielders Choice at 2nd, 6-4 (Groundball, 6) Max Jones scores
|
Batting: RHB Gerald Burnett
|
0-0: Fly out, F8 (Flyball, 8LXD)
|
Top of the 3rd over - 2 run(s), 1 hit(s), 0 error(s), 1 left on base; Cape Cod 3 - Otsego 3 |
BOTTOM OF THE 3RD |
Otsego Bulldogs batting - Pitching for Cape Cod Clams : RHP Robert Martin
|
Batting: RHB Ramiro Chávez
|
0-0: Foul Ball, location: 2F 0-1: Ball 1-1: Ball 2-1: SINGLE (Flyball, 9S)
|
Batting: RHB Felipe Rego
|
0-0: Swinging Strike 0-1: SINGLE (Flyball, 78S) Ramiro Chávez to second
|
Batting: RHB Juan Pérez
|
0-0: Ball 1-0: Ball 2-0: Ball 3-0: Base on Balls Ramiro Chávez to third Felipe Rego to second
|
Batting: RHB Kyung-bok Cho
|
0-0: Called Strike 0-1: Ball 1-1: Fly out, F8 (Flyball, 8LM) Runner from 3rd tags up, SCORES, throw made
|
Batting: LHB Martin Davis
|
0-0: Ball 1-0: Swinging Strike 1-1: Ball 2-1: Fielders Choice at 2nd, 3-6 (Groundball, 34) Felipe Rego to third
|
Batting: RHB Patrick Potts
|
0-0: Ball 1-0: Called Strike 1-1: Called Strike 1-2: Strikes out swinging
|
Bottom of the 3rd over - 1 run(s), 2 hit(s), 0 error(s), 2 left on base; Cape Cod 3 - Otsego 4 |
TOP OF THE 4TH |
Cape Cod Clams batting - Pitching for Otsego Bulldogs : RHP Ricardo Quiñones
|
Batting: RHB António Magana
|
0-0: Ball 1-0: Foul Ball, location: 2F 1-1: Ball 2-1: Ground out 5-3 (Groundball, 56)
|
Batting: LHB Todd Anderson
|
0-0: Ball 1-0: Fly out, F9 (Flyball, 9LD)
|
Batting: RHB John Pick
|
0-0: Ball 1-0: Foul Ball, location: 2F 1-1: Ball 2-1: Ball 3-1: Ground out 4-3 (Groundball, 4)
|
Top of the 4th over - 0 run(s), 0 hit(s), 0 error(s), 0 left on base; Cape Cod 3 - Otsego 4 |
BOTTOM OF THE 4TH |
Otsego Bulldogs batting - Pitching for Cape Cod Clams : RHP Robert Martin
|
Pitching: RHP Raúl Flores
|
|
Batting: RHB Armando Cuevas
|
0-0: Ball 1-0: Ball 2-0: Called Strike 2-1: Swinging Strike 2-2: Fly out, F8 (Flyball, 8RS)
|
Pitching: RHP Claudio Rivera
|
|
Batting: RHB Felipe Rodríguez
|
0-0: Ball 1-0: Ball 2-0: Ball 3-0: Called Strike 3-1: Called Strike 3-2: Fly out, F7 (Line Drive, 7)
|
Batting: RHB Jorge Cisneros
|
0-0: Ball 1-0: SINGLE (Groundball, 6MD)
|
Batting: RHB Ramiro Chávez
|
0-0: Swinging Strike 0-1: Called Strike 0-2: Ball 1-2: Ball 2-2: Fly out, F9 (Flyball, 9LS)
|
Bottom of the 4th over - 0 run(s), 1 hit(s), 0 error(s), 1 left on base; Cape Cod 3 - Otsego 4 |
TOP OF THE 5TH |
Cape Cod Clams batting - Pitching for Otsego Bulldogs : RHP Ricardo Quiñones
|
Batting: RHB Mitsuoki Taguchi
|
0-0: Called Strike 0-1: Fly out, F5 (Popup, 56)
|
Batting: RHB Max Jones
|
0-0: Ball 1-0: Ball 2-0: Called Strike 2-1: Foul Ball, location: 2F 2-2: Ball 3-2: Ground out 4-3 (Groundball, 4)
|
Batting: RHB Yasuhiro Kobayashi
|
0-0: Called Strike 0-1: Ground out 4-3 (Groundball, 4)
|
Top of the 5th over - 0 run(s), 0 hit(s), 0 error(s), 0 left on base; Cape Cod 3 - Otsego 4 |
BOTTOM OF THE 5TH |
Otsego Bulldogs batting - Pitching for Cape Cod Clams : RHP Claudio Rivera
|
Batting: RHB Felipe Rego
|
0-0: Ball 1-0: Fly out, F8 (Flyball, 78S)
|
Batting: RHB Juan Pérez
|
0-0: Swinging Strike 0-1: Called Strike 0-2: Foul Ball, location: 2F 0-2: Ball 1-2: Strikes out swinging
|
Batting: RHB Kyung-bok Cho
|
0-0: Foul Ball, location: 2F 0-1: Ball 1-1: Fly out, F9 (Line Drive, 9)
|
Bottom of the 5th over - 0 run(s), 0 hit(s), 0 error(s), 0 left on base; Cape Cod 3 - Otsego 4 |
TOP OF THE 6TH |
Cape Cod Clams batting - Pitching for Otsego Bulldogs : RHP Ricardo Quiñones
|
Pitching: LHP Mario Solíz
|
|
Batting: RHB Carlos García
|
0-0: Ball 1-0: Fly out, F8 (Flyball, 8LM)
|
Batting: LHB Sixto Cantú
|
0-0: Ball 1-0: Ball 2-0: Called Strike 2-1: Foul Ball, location: 2F 2-2: Strikes out looking
|
Batting: RHB Gerald Burnett
|
0-0: Ball 1-0: Ball 2-0: Ball 3-0: Base on Balls
|
Batting: RHB António Magana
|
0-0: Called Strike 0-1: Called Strike 0-2: Strikes out looking
|
Top of the 6th over - 0 run(s), 0 hit(s), 0 error(s), 1 left on base; Cape Cod 3 - Otsego 4 |
BOTTOM OF THE 6TH |
Otsego Bulldogs batting - Pitching for Cape Cod Clams : RHP Claudio Rivera
|
Batting: LHB Martin Davis
|
0-0: Called Strike 0-1: Foul Ball, location: 2F 0-2: Ball 1-2: Foul Ball, location: 2F 1-2: Ball 2-2: Ground out 4-3 (Groundball, 4S)
|
Batting: RHB Patrick Potts
|
0-0: Foul Ball, location: 2F 0-1: Ball 1-1: Foul Ball, location: 2F 1-2: Ball 2-2: Fly out, F9 (Flyball, 9S)
|
Batting: RHB Armando Cuevas
|
0-0: SINGLE (Groundball, 6MD)
|
Batting: RHB Felipe Rodríguez
|
0-0: Called Strike 0-1: Called Strike 0-2: Fly out, F1 (Line Drive, 13)
|
Bottom of the 6th over - 0 run(s), 1 hit(s), 0 error(s), 1 left on base; Cape Cod 3 - Otsego 4 |
TOP OF THE 7TH |
Cape Cod Clams batting - Pitching for Otsego Bulldogs : LHP Mario Solíz
|
Batting: LHB Todd Anderson
|
0-0: Ball 1-0: Swinging Strike 1-1: Foul Ball, location: 2F 1-2: Ball 2-2: Strikes out looking
|
Batting: RHB John Pick
|
0-0: Ball 1-0: Ball 2-0: SINGLE (Groundball, 56D)
|
Pinch Hitting: RHB Kenny Cole
|
0-0: Ball 1-0: Ball 2-0: Ball 3-0: Base on Balls John Pick to second
|
Batting: RHB Max Jones
|
0-0: Ball 1-0: Ball 2-0: Ground out 6-3 (Groundball, 6S) John Pick to third Kenny Cole to second
|
Batting: RHB Yasuhiro Kobayashi
|
0-0: Ball 1-0: Foul Ball, location: 2F 1-1: Ball 2-1: Called Strike 2-2: Foul Ball, location: 2F 2-2: Strikes out swinging
|
Top of the 7th over - 0 run(s), 1 hit(s), 0 error(s), 2 left on base; Cape Cod 3 - Otsego 4 |
BOTTOM OF THE 7TH |
Otsego Bulldogs batting - Pitching for Cape Cod Clams : RHP Claudio Rivera
|
Now at SS: Héctor Jiménez
|
|
Batting: RHB Jorge Cisneros
|
0-0: Ball 1-0: Ground out 5-3 (Groundball, 56)
|
Pitching: RHP Patrick Doyle
|
|
Batting: RHB Ramiro Chávez
|
0-0: Called Strike 0-1: Ball 1-1: Foul Ball, location: 2F 1-2: Foul Ball, location: 2F 1-2: Foul Ball, location: 2F 1-2: Foul Ball, location: 2F 1-2: Foul Ball, location: 2F 1-2: Ground out 6-3 (Groundball, 6)
|
Batting: RHB Felipe Rego
|
0-0: Swinging Strike 0-1: Ground out 6-3 (Groundball, 6)
|
Bottom of the 7th over - 0 run(s), 0 hit(s), 0 error(s), 0 left on base; Cape Cod 3 - Otsego 4 |
TOP OF THE 8TH |
Cape Cod Clams batting - Pitching for Otsego Bulldogs : LHP Mario Solíz
|
Pitching: RHP Ricardo Trujillo
|
|
Now at SS: Fernando Pérez
|
|
Batting: RHB Carlos García
|
0-0: Ground out 4-3 (Groundball, 4)
|
Batting: LHB Sixto Cantú
|
0-0: Fly out, F9 (Flyball, 89D)
|
Batting: RHB Gerald Burnett
|
0-0: Foul Ball, location: 2F 0-1: SINGLE (Line Drive, 56)
|
Batting: RHB António Magana
|
0-0: Ball 1-0: Ball 2-0: SINGLE (Groundball, 34D) Gerald Burnett to second Runner from 2nd tries for 3rd, SAFE, throw made to third
|
Batting: LHB Todd Anderson
|
0-0: Ball 1-0: Ball 2-0: Foul Ball, location: 2F 2-1: Foul Ball, location: 2F 2-2: Foul Ball, location: 2F 2-2: Foul Ball, location: 2F 2-2: Ball 3-2: Fly out, F4 (Popup, 4)
|
Top of the 8th over - 0 run(s), 2 hit(s), 0 error(s), 2 left on base; Cape Cod 3 - Otsego 4 |
BOTTOM OF THE 8TH |
Otsego Bulldogs batting - Pitching for Cape Cod Clams : RHP Patrick Doyle
|
Batting: RHB Juan Pérez
|
0-0: Ground out 5-3 (Groundball, 56)
|
Batting: RHB Kyung-bok Cho
|
0-0: SINGLE (Groundball, 3D)
|
Pitching: LHP Javier Luna
|
|
Batting: LHB Martin Davis
|
0-0: Ball 1-0: Called Strike 1-1: SINGLE (Line Drive, 89S) Kyung-bok Cho to second
|
Pitching: RHP Mario González
|
|
Batting: RHB Patrick Potts
|
0-0: Ball 1-0: Called Strike 1-1: Swinging Strike 1-2: Foul Ball, location: 2F 1-2: Strikes out swinging
|
Batting: RHB Armando Cuevas
|
0-0: Ball 1-0: Called Strike 1-1: Foul Ball, location: 2F 1-2: Ball 2-2: Strikes out swinging
|
Bottom of the 8th over - 0 run(s), 2 hit(s), 0 error(s), 2 left on base; Cape Cod 3 - Otsego 4 |
TOP OF THE 9TH |
Cape Cod Clams batting - Pitching for Otsego Bulldogs : RHP Ricardo Trujillo
|
Pitching: RHP Kenshin Kubota
|
|
Now in RF: Manuel Ortega
|
|
Batting: RHB John Pick
|
0-0: Ball 1-0: Foul Ball, location: 2F 1-1: Ball 2-1: Ground out 6-3 (Groundball, 56)
|
Batting: RHB Héctor Jiménez
|
0-0: Called Strike 0-1: SINGLE (Flyball, 8RS)
|
Batting: RHB Max Jones
|
0-0: Called Strike 0-1: SINGLE (Line Drive, 8LS) Héctor Jiménez to second
|
Batting: RHB Yasuhiro Kobayashi
|
0-0: Fly out, F5 (Popup, 56D)
|
Batting: RHB Carlos García
|
0-0: Foul Ball, location: 2F 0-1: Swinging Strike 0-2: Strikes out looking
|
Top of the 9th over - 0 run(s), 2 hit(s), 0 error(s), 2 left on base; Cape Cod 3 - Otsego 4 |
|